 Dungeon Crawl Stone Soup version 0.17.2 (webtiles) character file.

11068 Goblin1989 the Martial Artist (level 11, -4/60 HPs)
             Began as a Vine Stalker Monk on June 20, 2016.
             Was the Champion of Cheibriados.
             Slain by Goblin1989's ghost (8 damage)
             ... on level 11 of the Dungeon.
             The game lasted 00:13:40 (8019 turns).

Goblin1989 the Martial Artist (Vine Stalker Monk)   Turns: 8019, Time: 00:13:40

Health: -4/60      AC: 13    Str: 32    XL:     11   Next: 72%
Magic:  0/21       EV:  9    Int: 25    God:    Cheibriados [******]
Gold:   659        SH: 14    Dex: 35    Spells: 0 memorised, 10 levels left

rFire  + . .     SeeInvis .       - Unarmed
rCold  . . .     Clarity  .     d - +3 plate armour
rNeg   . . .     SustAt   .     j - +0 shield
rPois  +         Gourm    .     R - +0 helmet "Dogamp" {Dex+3} (curse)
rElec  .         Spirit   +     (no cloak)
rCorr  .         Warding  .     (no gloves)
rMut   .         Stasis   .     m - +0 pair of boots
MR     +....                    (no amulet)
Stlth  ..........               O - ring of magical power {MP+9}
                                P - ring of wizardry {Wiz+, !d}

@: very slow, somewhat resistant to hostile enchantments, extremely unstealthy
A: fangs 3, deformed body, fire resistance 1, poison resistance, regeneration 2,
magic shield, antimagic bite, no device heal 3, rot immunity
a: Bend Time, Temporal Distortion, Slouch, Step From Time, Renounce Religion


You were on level 11 of the Dungeon.
You worshipped Cheibriados.
Cheibriados was exalted by your worship.
You were not hungry.

You visited 1 branch of the dungeon, and saw 11 of its levels.

You collected 659 gold pieces.

Inventory:

Armour
 d - a +3 plate armour (worn)
 j - a +0 shield (worn)
 m - a +0 pair of boots (worn)
 R - the cursed +0 helmet "Dogamp" (worn) {Dex+3}
   (You found it on level 9 of the Dungeon)

   It affects your dexterity (+3).
   It has a curse placed upon it.
Jewellery
 O - a ring of magical power (right hand) {MP+9}
 P - a ring of wizardry (left hand) {Wiz+, !d}
 S - an uncursed ring of positive energy {unknown}
Wands
 t - a wand of magic darts (31)
 A - a wand of paralysis (11)
 E - a wand of draining (5)
 F - a wand of magic darts (12)
 I - a wand of slowing (10)
 L - a wand of frost (21)
 U - a wand of frost (20)
Scrolls
 a - 9 scrolls of remove curse
 c - 3 scrolls of magic mapping {unknown}
 e - 3 scrolls of enchant armour {unknown}
 f - 8 scrolls of identify {unknown}
 h - 4 scrolls of fear {unknown}
 n - 3 scrolls of recharging {unknown}
 q - 3 scrolls of noise {unknown}
 r - 6 scrolls of teleportation {unknown}
 u - 5 scrolls of enchant weapon {unknown}
 w - 2 scrolls of amnesia {unknown}
 y - a scroll of fog {unknown}
 B - a scroll of holy word {unknown}
 T - a scroll of blinking {unknown}
Potions
 g - 5 potions of haste {unknown}
 i - 2 potions of cancellation {unknown}
 k - 3 potions of heal wounds {unknown}
 l - 2 potions of magic {unknown}
 s - 2 potions of lignification {unknown}
 v - a potion of degeneration {unknown}
 x - 2 potions of berserk rage {unknown}
 z - a potion of invisibility {unknown}
 D - 2 potions of cure mutation {unknown}
 G - a potion of brilliance {unknown}
 H - 3 potions of flight {unknown}
 M - 2 potions of curing {unknown}
Books
 N - a book of Envenomations

   Spells                             Type                      Level
   a - Spider Form                    Transmutation/Poison         3
   b - Alistair's Intoxication        Transmutation/Poison         4
   c - Olgreb's Toxic Radiance        Poison                       4
   d - Poisonous Cloud                Conjuration/Poison/Air       6
 Q - Mnoleg's Papyrus of Companions
   (You found it on level 8 of the Dungeon)

   Spells                             Type                      Level
   a - Aura of Abjuration             Summoning                    5
   b - Shadow Creatures               Summoning                    5
   c - Summon Hydra                   Summoning                    7
Comestibles
 b - 10 bread rations
 o - 5 beef jerkies
 p - 5 meat rations
 C - 10 slices of pizza
 J - 3 fruits
 K - 2 royal jellies
 V - 3 chunks of flesh


   Skills:
 + Level 8.1 Fighting
 + Level 6.7 Armour
 - Level 2.4 Dodging
 - Level 2.4 Stealth
 + Level 7.2 Shields
 * Level 12.1 Unarmed Combat


You had 10 spell levels left.
You didn't know any spells.

Dungeon Overview and Level Annotations

Branches:
Dungeon (11/15)            Temple (0/1) D:5            Lair (0/8) D:8
    Orc: D:9-12

Altars:
Ashenzari
Cheibriados
Fedhas
Makhleb
Nemelex Xobeh
Okawaru
Sif Muna
Zin

Annotations:
D:11 Goblin1989's ghost, journeyman DDGl


Innate Abilities, Weirdness & Mutations

You have razor-sharp teeth.
You heal very quickly.
When hurt, damage is shared between your health and your magic reserves.
Your bite disrupts and absorbs the magic of your enemies.
Potions and wands cannot restore your health.
You are immune to rotting.
Armour fits poorly on your strangely shaped body.
Your flesh is heat resistant.
Your system is resistant to poisons.


Message History

You bite Goblin1989's ghost. You drain its power.
You feel invigorated.
Goblin1989's ghost hits you but does no damage.
A kobold comes into view. It is wielding a whip.
You regained 6 mp, and now have 16/21 mp.
You closely miss Goblin1989's ghost.
You bite Goblin1989's ghost, but do no damage.
You hit Goblin1989's ghost but do no damage.
Your bite misses Goblin1989's ghost. You block Goblin1989's ghost's attack.
You punch Goblin1989's ghost!
You bite Goblin1989's ghost, but do no damage.
Goblin1989's ghost closely misses you.
A big kobold comes into view. It is wielding a dagger.
Your shield prevents you from hitting Goblin1989's ghost.
You bite Goblin1989's ghost. You drain its power.
You feel invigorated. Goblin1989's ghost hits you!!
* * * LOW HITPOINT WARNING * * *
You take 7 damage, and have 3/60 hp.
You now have 6/21 mp.
You hit Goblin1989's ghost. You bite Goblin1989's ghost. You drain its power.
You feel invigorated. Goblin1989's ghost hits you!
You die...

..)..# ##### .# #..
####.# ##...#####.# #.#
#.# ##..........# #.#
####.###.....}.##.## #.#
...............)...# #.#
####.###.......##.## #<#
#.# ##.....###†# #.# #.#
#....####.########### #.#
#.# #..###..@......)....#
#.# #.#
#[.##..W#.#########.###.#
#.# #..#.......# #..÷...
#. #..##..K#.######
#.#####
##K.####...####.#####
#..###..)<..........
........)>.###.#####
#..###.....# #.#
#..####...####.#


You could see a big kobold, Goblin1989's ghost and a kobold.

Vanquished Creatures
  A hydra (D:11)
  The ghost of simples the Covert, a novice SpEn of Kikubaaqudgha (D:10)
  3 hill giants (D:11)
  A gargoyle (D:11)
  5 trolls
  A trapdoor spider zombie (D:10)
  A deep elf mage (D:11)
  A spriggan (D:8)
  3 yaks (D:11)
  3 hungry ghosts
  A golden eye (shapeshifter) (D:11)
  2 water moccasins
  Edmund (D:5)
  Duvessa (D:6)
  A sky beast (D:9)
  5 ice beasts
  A black bear (D:10)
  A wasp (D:10)
  5 orc warriors
  3 phantoms
  5 centaurs
  7 ogres
  A brain worm (D:9)
  2 big kobolds
  6 giant frogs
  A water moccasin zombie (D:7)
  Dowan (D:6)
  7 scorpions
  8 crimson imps
  2 hounds (D:5)
  3 centaur zombies
  8 orc priests
  3 jellies
  3 centaur skeletons
  An iguana (D:10)
  2 worker ants
  A hound zombie (D:5)
  13 adders
  4 gnolls
  3 shadow imps
  An adder skeleton (D:7)
  4 worms
  22 orcs
  A ball python (D:5)
  3 giant cockroaches
  9 goblins
  10 hobgoblins
  3 jackals (D:3)
  22 kobolds
  A quokka (D:10)
  3 bats
  A giant gecko (D:6)
  A giant gecko zombie (D:5)
  9 giant newts
  4 rats
216 creatures vanquished.

Notes
Turn   | Place    | Note
--------------------------------------------------------------
     0 | D:1      | Goblin1989 the Vine Stalker Monk began the quest for the Orb.
     0 | D:1      | Reached XP level 1. HP: 11/11 MP: 2/2
   271 | D:1      | Reached XP level 2. HP: 13/16 MP: 3/3
   341 | D:1      | Reached XP level 3. HP: 19/19 MP: 4/4
   420 | D:1      | Found a sparkling altar of Nemelex Xobeh.
   454 | D:1      | Reached skill level 5 in Unarmed Combat
  1044 | D:2      | Found a snail-covered altar of Cheibriados.
  1080 | D:2      | Found a glowing silver altar of Zin.
  1103 | D:2      | Became a worshipper of Cheibriados the Contemplative
  1103 | D:2      | Reached * piety under Cheibriados
  1103 | D:2      | Reached ** piety under Cheibriados
  1525 | D:2      | Reached XP level 4. HP: 23/23 MP: 5/5
  1814 | D:3      | Found a deep blue altar of Sif Muna.
  1903 | D:3      | Found a shattered altar of Ashenzari.
  2075 | D:3      | Reached *** piety under Cheibriados
  2653 | D:4      | Reached skill level 1 in Armour
  2653 | D:4      | Reached skill level 1 in Shields
  2653 | D:4      | Reached XP level 5. HP: 10/28 MP: 4/6
  3037 | D:4      | Reached skill level 6 in Unarmed Combat
  3037 | D:4      | Gained mutation: You heal very quickly. [Vine Stalker growth]
  3037 | D:4      | Reached XP level 6. HP: 32/32 MP: 7/7
  3208 | D:5      | Entered Level 5 of the Dungeon
  3304 | D:5      | Got an ichor-stained ring mail
  3315 | D:5      | Identified the cursed +0 ring mail of Jolyiq {rElec rN+ MR-} (You found it on level 5 of the Dungeon)
  3340 | D:5      | Found a staircase to the Ecumenical Temple.
  3355 | D:5      | Noticed Edmund
  3368 | D:5      | Killed Edmund
  3368 | D:5      | Reached XP level 7. HP: 28/37 MP: 8/8
  3445 | D:5      | Noticed a hungry ghost
  3457 | D:5      | Killed a hungry ghost
  3457 | D:5      | Reached skill level 7 in Unarmed Combat
  3547 | D:5      | Gained mutation: You have razor-sharp teeth. [Vine Stalker growth]
  3547 | D:5      | Reached XP level 8. HP: 19/42 MP: 4/9
  3562 | D:5      | HP: 1/42 [centaur/arrow of frost (2)]
  3847 | D:6      | Got a slimy robe
  3858 | D:6      | Identified the +2 robe of Fedhas's Supremacy {*Corrode +Fly rF+ Regen+} (You found it on level 6 of the Dungeon)
  3871 | D:6      | Reached **** piety under Cheibriados
  3911 | D:6      | Reached skill level 8 in Unarmed Combat
  4016 | D:6      | Reached skill level 5 in Fighting
  4166 | D:6      | Reached XP level 9. HP: 47/47 MP: 10/10
  4274 | D:6      | Found an iron altar of Okawaru.
  4345 | D:6      | Noticed Duvessa
  4348 | D:6      | Noticed Dowan
  4352 | D:6      | Killed Duvessa
  4364 | D:6      | Killed Dowan
  4887 | D:7      | Reached ***** piety under Cheibriados
  4926 | D:7      | Reached skill level 9 in Unarmed Combat
  5772 | D:8      | Found a staircase to the Lair.
  5849 | D:8      | Identified Mnoleg's Papyrus of Companions
  5910 | D:8      | Reached skill level 5 in Shields
  6171 | D:9      | Reached skill level 10 in Unarmed Combat
  6214 | D:9      | Reached XP level 10. HP: 53/53 MP: 11/11
  6254 | D:9      | Reached skill level 5 in Armour
  6259 | D:9      | Got an encrusted helmet
  6265 | D:9      | Identified the cursed +0 helmet "Dogamp" {Dex+3} (You found it on level 9 of the Dungeon)
  6343 | D:9      | Found a burning altar of Makhleb.
  6669 | D:10     | Entered Level 10 of the Dungeon
  6728 | D:10     | Found a blossoming altar of Fedhas.
  7108 | D:10     | Reached ****** piety under Cheibriados
  7129 | D:10     | Noticed simples's ghost (novice SpEn)
  7156 | D:10     | Killed simples's ghost
  7156 | D:10     | Reached skill level 11 in Unarmed Combat
  7397 | D:10     | Reached XP level 11. HP: 58/58 MP: 12/12
  7477 | D:11     | Noticed a four-headed hydra
  7483 | D:11     | Killed a four-headed hydra
  7672 | D:11     | Gained mutation: Your system is resistant to poisons. [mutagenic meat]
  7673 | D:11     | Gained mutation: Armour fits poorly on your strangely shaped body. [mutagenic meat]
  7674 | D:11     | Gained mutation: Your flesh is heat resistant. [mutagenic meat]
  7718 | D:11     | Noticed a hill giant
  7724 | D:11     | Killed a hill giant
  7940 | D:11     | Noticed a hill giant
  7943 | D:11     | Killed a hill giant
  7964 | D:11     | Reached skill level 12 in Unarmed Combat
  7981 | D:11     | Noticed a hill giant
  7986 | D:11     | Killed a hill giant
  7999 | D:11     | Noticed Goblin1989's ghost (journeyman DDGl)
  7999 | D:11     | Noticed a hill giant
  8018 | D:11     | HP: 3/60 [Goblin1989's ghost (7)]
  8019 | D:11     | Slain by Goblin1989's ghost

Action                   |  1- 3 |  4- 6 |  7- 9 | 10-12 || total
-------------------------+-------+-------+-------+-------++-------
Melee: Unarmed           |    90 |   150 |   236 |   271 ||   747
  Use: Scroll            |       |     1 |       |       ||     1
  Eat: Chunk             |       |     4 |     4 |    12 ||    20
       Beef jerky        |       |       |     1 |       ||     1
